cohdb
Replays
Latest Replays
All Replays
Popular Replays
Top Player Replays
Match Explorer
How It Works
Community
CoH3 Stats
Reddit
Sign in to upload your games and track your stats! →
Sign in with Steam
Match 28098160
Unlisted
Match 28098160
Overview
Messages
Build Orders
End
Construct Barracks
1⁄4-ton 4x4 Truck
Riflemen Squad
Selects Armored Battlegroup
Selects Veteran Crews
Riflemen Squad
Riflemen Squad
Infantry Support Center
Construct Medical Station
Selects Field Repairs
Construct Motor Pool
^3
貓貓想要抹茶巴菲
0
0
Comments
sign in to comment!
No comments posted yet!